 Dungeon Crawl Stone Soup version 0.28-a0-1638-g9123634e07 (webtiles) character file.

Game seed: 13795173931598193894

71 HallandMoats the Skirmisher (level 4, -2/40 HPs)
             Began as a Ghoul Fighter on Jan 25, 2022.
             Killed from afar by an orc wizard (10 damage)
             ... with a magic dart
             ... on level 2 of the Dungeon.
             The game lasted 00:02:23 (1588 turns).

HallandMoats the Skirmisher (Ghoul Fighter)         Turns: 1588, Time: 00:02:24

Health: -2/40      AC:  6    Str: 19    XL:     4   Next: 24%
Magic:  3/3        EV:  9    Int:  5    God:
Gold:   60         SH:  0    Dex:  8    Spells: 3/3 levels left

rFire   . . .      SeeInvis .   j - +0 great sword
rCold   + . .      Faith    .   (shield currently unavailable)
rNeg    + + +      Spirit   .   a - +0 scale mail
rPois   ∞          Reflect  .   (no helmet)
rElec   .          Harm     .   (no cloak)
rCorr   .          Rampage  .   (no gloves)
Will    .....                   (no boots)
Stlth   ..........              (no amulet)
HPRegen 0.00/turn               (no ring)
MPRegen 0.08/turn               (no ring)

@: inhibited regen
A: claws 1, cold resistance 1, negative energy resistance 3, inhibited
regeneration, torment resistance 2
a: no special abilities


You were on level 2 of the Dungeon.
You visited 1 branch of the dungeon, and saw 3 of its levels.

You collected 60 gold pieces.

Inventory:

Hand Weapons
 j - a +0 great sword (weapon)
Armour
 a - a +0 scale mail (worn)
 b - a +0 buckler
Scrolls
 d - a scroll of vulnerability {unknown}
 f - a scroll of holy word {unknown}
 i - a scroll of teleportation {unknown}
Potions
 c - a potion of might
 e - 2 potions of lignification {unknown}
 g - a potion of flight {unknown}
 h - a potion of cancellation {unknown}


   Skills:
 + Level 4.0 Fighting
 * Level 0.0 Maces & Flails
 + Level 3.0 Armour
 + Level 0.8 Dodging
 + Level 2.9 Shields
 - Level 3.0 Unarmed Combat
 + Level 1.1 Invocations


You had 3 spell levels left.
You didn't know any spells.
Your spell library was empty.

Dungeon Overview and Level Annotations

Branches:
Dungeon (3/15)

Altars:

Shops:
D:1 (   D:2 (


Innate Abilities, Weirdness & Mutations

You thrive by killing the living.
You are immune to poison.
You have sharp fingernails.
Your flesh is cold resistant. (rC+)
You are immune to negative energy. (rN+++)
You do not regenerate when monsters are visible.
You are immune to unholy pain and torment.


Message History

j - a +0 great sword (weapon)
There is a stone staircase leading down here.
You climb downwards.
The goblin hits you with a +0 club. The orc misses you.
The orc hits you with a +0 whip. The goblin hits you with a +0 club.
The orc hits you from afar with a +0 trident.
There is a stone staircase leading up here.
The orc hits you but does no damage. The goblin hits you but does no damage.
The orc wizard completely misses you.
The orc hits you from afar with a +0 trident.
You climb upwards.
There is a stone staircase leading down here.
You closely miss the orc wizard. The orc hits you with a +0 whip.
The goblin hits you but does no damage.
The orc wizard hits you with a +0 dagger.
The orc barely misses you. The goblin hits you but does no damage.
The orc wizard closely misses you.
You barely miss the orc wizard. The orc misses you.
The goblin hits you but does no damage.
The orc wizard hits you with a +0 dagger.
The orc barely misses you.
You barely miss the orc wizard. The goblin hits you with a +0 club.
The orc wizard completely misses you. The orc barely misses you.
The goblin misses you.
The orc wizard casts a spell.
The orc wizard flickers and vanishes!
Deactivating autopickup; reactivate with Ctrl-A.
You barely miss something. The orc misses you.
The goblin hits you with a +0 club. Something hits you but does no damage.
The orc barely misses you. The goblin hits you but does no damage.
Something hits you but does no damage.
You closely miss something. The orc hits you but does no damage.
The goblin hits you with a +0 club. Something hits you.
* * * LOW HITPOINT WARNING * * *
The orc barely misses you.
You miss something. The goblin hits you with a +0 club.
* * * LOW HITPOINT WARNING * * *
You hear some strange, mumbled words.
A magic dart appears from out of thin air!
The magic dart hits you!
You die...

...#.######.# ##.#.## #. ...#.#
#.# ##.###.## #. .###.# ##'##
#.## ##.# #. .###.# ##...##
##.###.## ## .....# ##.....##
##.#.## # #.######.......##
##..## #
...####.........####...##########
......'<.......o.................
...####.........@g......#########
#..# ##.......#{###....# # ##.#
##.....##.# #....## # #.#
##>..###.# #.....# # ##.# ##'##
#.# ##...## # ...# #.# #.# ##..#
##### #### #.# #.#####..# #....
### ##.####........# #.###
..########.........###.## #.###


You could see an orc and a goblin.

Vanquished Creatures
  An orc priest (D:2)
  A worm (D:2)
  A dart slug (D:2)
  6 endoplasms
  2 giant cockroaches (D:1)
  2 hobgoblins (D:1)
  3 ball pythons
  4 bats
  3 frilled lizards
  8 goblins
  4 rats
35 creatures vanquished.

Vanquished Creatures (others)
  2 plants (D:2)
2 creatures vanquished.

Grand Total: 37 creatures vanquished

Notes
Turn   | Place    | Note
-------+----------+-------------------------------------------
     0 | D:1      | HallandMoats the Ghoul Fighter began the quest for the Orb.
     0 | D:1      | Reached XP level 1. HP: 19/19 MP: 0/0
    39 | D:1      | You fall into a shaft and drop 1 floor!
   201 | D:1      | Reached XP level 2. HP: 26/26 MP: 1/1
   395 | D:1      | Found Lyxi's Weapon Boutique.
   429 | D:1      | Reached XP level 3. HP: 31/33 MP: 2/2
   916 | D:2      | Found Helaur's Antique Weapon Boutique.
  1466 | D:2      | Reached skill level 4 in Fighting
  1466 | D:2      | Reached skill level 1 in Invocations
  1466 | D:2      | Reached XP level 4. HP: 27/40 MP: 3/3
  1588 | D:2      | Killed from afar by an orc wizard

Illustrated notes

Levels and vault maps discovered:
D:1:      saegor_arrival_simple_e, layout_rooms, serial_shops,
          nicolae_lakefront_shop
D:2:      layout_loops_corners, serial_shops, shop, chequers_big_river
D:3:      layout_loops_ring, minmay_puff

Skill      XL: |  1  2  3 |
---------------+----------+-----
Fighting       | 4 |  4.0
Armour         | 3 |  3.0
Unarmed Combat | 3 |  3.0
Invocations    | 1 |  1.1
Dodging        | |  0.8
Shields        | |  2.9

Action                   |  1- 3 |  4- 6 || total
-------------------------+-------+-------++-------
Melee: Unarmed           |   103 |       ||   103
       Great sword       |       |     6 ||     6
Armor: Scale mail        |    49 |     9 ||    58
Dodge: Dodged            |    43 |    12 ||    55
Block: Buckler           |    16 |       ||    16

Table legend: (Time is in decaauts)
 A = Elapsed time spent in this place.
 B = Non-inter-level travel time spent in this place.
 C = Inter-level travel time spent in this place.
 D = Time resting spent in this place.
 E = Time spent auto-exploring this place.
 F = Levels seen in this place.
 G = Mean time per level.
                   A        B        C        D        E       F      G
               +--------+--------+--------+--------+--------+-----+--------+
         Total |   1610 |   1550 |     60 |     94 |   1170 |   3 |  536.7 |
       Dungeon |   1610 |   1550 |     60 |     94 |   1170 |   3 |  536.7 |
               +--------+--------+--------+--------+--------+-----+--------+

Top non-repeatable levels by time:
     D:2: 1103 daAuts
     D:1: 490 daAuts
     D:3: 17 daAuts
